 Dungeon Crawl Stone Soup version 0.29.1-12-g30fa7ad0bf (webtiles) character file.

Game seed: 2480686439436763801

28582 sweetbreads the Spry (level 13, 0/67 HPs)
             Began as a Spriggan Enchanter on Jan 13, 2023.
             Engulfed by a fire crab's flame (16 damage)
             ... in a Gauntlet.
             The game lasted 01:38:07 (22042 turns).

sweetbreads the Spry (Spriggan Enchanter)          Turns: 22042, Time: 01:38:08

Health: 0/67       AC:  7    Str:  4    XL:     13   Next: 10%
Magic:  18/23      EV: 32    Int: 22    God:
Gold:   61         SH:  0    Dex: 21    Spells: 13/24 levels left

rFire   . . .      SeeInvis +   a - +5 short sword (drain)
rCold   . . .      Faith    .   (no shield)
rNeg    . . .      Spirit   .   T - +0 steam dragon scales
rPois   .          Reflect  .   (helmet restricted)
rElec   .          Harm     .   m - +1 cloak
rCorr   .          Rampage  .   (gloves unavailable)
Will    ++...      NoTele   +   (boots unavailable)
Stlth   +++++.....              P - amulet of magic regeneration
HPRegen 0.21/turn               y - ring of wizardry
MPRegen 0.58/turn               l - +6 ring of dexterity

@: studying Evocations, very quick
A: very small, no large weapons, unfitting armour, see invisible, speed 3
a: no special abilities


You were in a Gauntlet.
You visited 3 branches of the dungeon, and saw 17 of its levels.
You also visited: Ossuary and Gauntlet.

You collected 861 gold pieces.
You spent 800 gold pieces at shops.

Inventory:

Hand Weapons
 a - a +5 short sword of draining (weapon)
 b - a +2 short sword of venom
 c - a +4 dagger
Missiles
 q - a curare-tipped dart
 t - 3 silver boomerangs (quivered)
 K - 4 throwing nets
 S - 24 poisoned darts
Armour
 m - a +1 cloak (worn)
 L - the +1 robe of the Viny Grue {rF+++ rN+ Regen+ MP-9 Str+3}
   (You found it on level 6 of the Dungeon)

   Str:       It affects your strength (+3).
   rF:        It renders you almost immune to fire.
   rN:        It protects you from negative energy.
   MP:        It affects your magic capacity (-9).
   Regen:     It increases your rate of health regeneration.
 T - +0 steam dragon scales (worn)
Jewellery
 l - a +6 ring of dexterity (right hand)
 o - a +4 ring of evasion
 s - a ring of willpower
 v - a ring of fire
 y - a ring of wizardry (left hand)
 D - an amulet of reflection
 P - an amulet of magic regeneration (around neck)
 R - a ring of ice
 U - a ring of positive energy
 W - a +4 ring of protection
Wands
 e - a wand of quicksilver (19)
 n - a wand of roots (27)
 G - a wand of polymorph (6)
 I - a wand of paralysis (7)
 O - a wand of flame (54)
Scrolls
 f - a scroll of poison
 h - 2 scrolls of fear
 i - 2 scrolls of identify
 k - 7 scrolls of teleportation
 w - 2 scrolls of enchant weapon
 C - a scroll of magic mapping
 H - a scroll of summoning
 J - 4 scrolls of amnesia
 M - 2 scrolls of brand weapon
 N - a scroll of butterflies
 Y - a scroll of vulnerability
Potions
 d - 3 potions of haste
 g - a potion of resistance
 j - 4 potions of berserk rage
 p - 2 potions of heal wounds
 r - 8 potions of curing
 x - 2 potions of brilliance
 z - 3 potions of flight
 A - 2 potions of magic
 F - 2 potions of cancellation
 X - 2 potions of invisibility


   Skills:
 * Level 7.5 Fighting
 + Level 10.6 Short Blades
 + Level 16.4 Dodging
 - Level 10.0 Stealth
 - Level 6.0 Spellcasting
 - Level 12.0 Hexes
 - Level 8.0 Translocations
 * Level 2.2 Evocations


You had 13 spell levels left.
You knew the following spells:

 Your Spells              Type           Power      Damage    Failure   Level
a - Ensorcelled Hibernat  Hex/Ice        66%        N/A       1%          2
b - Confusing Touch       Hex            56%        N/A       1%          3
c - Tukima's Dance        Hex            56%        N/A       1%          3
d - Gell's Gravitas       Tloc           41%        N/A       1%          3

Your spell library contained the following spells:

 Spells                   Type           Power      Damage    Failure   Level
 Dazzling Flash           Conj/Hex       66%        N/A       1%          3
 Lesser Beckoning         Tloc           41%        N/A       1%          3
 Portal Projectile        Hex/Tloc       100%       N/A       1%          3
 Teleport Other           Tloc           41%        N/A       1%          3
 Leda's Liquefaction      Hex/Erth       16%        N/A       3%          4
 Passwall                 Tmut/Erth      5%         N/A       6%          2
 Call Canine Familiar     Summ           6%         N/A       11%         3
 Ignite Poison            Fire/Tmut/Pois 6%         N/A       11%         3
 Mephitic Cloud           Conj/Pois/Air  6%         N/A       11%         3
 Swiftness                Air            6%         N/A       11%         3
 Animate Armour           Summ/Erth      12%        N/A       32%         4
 Hailstorm                Conj/Ice       6%         3d4       32%         4
 Ice Form                 Ice/Tmut       6%         N/A       32%         4
 Blade Hands              Tmut           3%         N/A       65%         5
 Freezing Cloud           Conj/Ice/Air   3%         6-21      65%         5
 Iron Shot                Conj/Erth      3%         9d2       99%         6
 Simulacrum               Ice/Necr       3%         N/A       99%         6
 Malign Gateway           Summ/Tloc      12%        N/A       99%         7
 Summon Horrible Things   Summ           3%         N/A       100%        8


Dungeon Overview and Level Annotations

Branches:
Dungeon (11/15)            Temple (1/1) D:6            Lair (5/5) D:10
 Shoals (0/4) Lair:2       Spider (0/4) Lair:2        Slime (0/5) Lair:4
    Orc (0/2) D:9         Ossuary (visited)         Gauntlet (1/1)

Altars:
Ashenzari
Cheibriados
Dithmenos
Elyvilon
Fedhas
Gozag
Hepliaklqana
Kikubaaqudgha
Makhleb
Nemelex Xobeh
Okawaru
Qazlal
Ru
Sif Muna
Trog
Uskayaw
Vehumet
Wu Jian
Xom
Yredelemnul
Zin
The Shining One
Jiyva

Shops:
D:1 :(   D:6 *   D:9 (:

Annotations:
D:9 exclusion: orange crystal statue
Lair:4 exclusion: oklob plant Gauntlet 11 transporters, 1 runed translucent door, exclusion: 2 orange crystal statues


Innate Abilities, Weirdness & Mutations

You are very small and have problems with some larger weapons.
You are too small for most types of armour.
You have supernaturally acute eyesight. (SInv)
You cover ground extremely quickly. (Speed+++)


Message History

Aiming: Ensorcelled Hibernation (safe; 1% risk of failure)
Press: ? - help, Shift-Dir - straight line, f - fire bat
Aim: a fire bat (chance to affect: 71%)
The fire bat looks drowsy...
The helpless fire bat fails to defend itself.
You perforate the fire bat like a sieve!!!!
You kill the fire bat!
The fire crab breathes flames at you.
The blast of flame engulfs the fire bat.
The fire bat completely resists.
Unknown command.
Casting: Ensorcelled Hibernation (safe; 1% risk of failure)
Confirm with . or Enter, or press ? or * to list all spells.
Aiming: Ensorcelled Hibernation (safe; 1% risk of failure)
Press: ? - help, Shift-Dir - straight line, f - fire bat
Aim: a fire bat (flame, chance to affect: 71%)
The fire bat struggles to resist.
You are engulfed in blazing flames.
The fire bat completely misses you. The fire crab breathes flames at you.
The blast of flame engulfs you.
You are engulfed in blazing flames.
The fire bat misses you.
Casting: Ensorcelled Hibernation (safe; 1% risk of failure)
Confirm with . or Enter, or press ? or * to list all spells.
Aiming: Ensorcelled Hibernation (safe; 1% risk of failure)
Press: ? - help, Shift-Dir - straight line, f/p - fire bat
Aim: a fire bat (flame, chance to affect: 71%)
The fire bat looks drowsy...
You are engulfed in blazing flames.
Unknown command.
The helpless fire bat fails to defend itself.
You skewer the fire bat like a kebab!!!
You kill the fire bat!
You feel better. The fire crab breathes flames at you.
The blast of flame misses you.
Unknown command.
Unknown command.
You close the door.
You are engulfed in blazing flames.
* * * LOW HITPOINT WARNING * * *
You are engulfed in blazing flames.
You die...

#≈≈..♣.P.♣.#.#^.^#.#.♣
#≈.........#...©...#..
####...##################
#≈≈....#©.........©......
#≈..#####################
####...###...###...........#
#≈≈..♣.###.t.###..P#≈#≈#P..#
#≈..P..#..##+..#.PP≈≈≈≈≈P..#
##....♣.#..#@#..#.♣.#≈#≈#P♣.#
##≈.PP.P.#.?+##..#...≈≈≈≈≈...#
#≈≈.P.P♣.###..$###...#≈#≈#...#
#≈.PP...####©####....P..P...#
##.P♣.#############..P♣...###
##≈....#©....©....©#.......#©.
#≈≈.###################.######
##≈.#.......#.#.....###.#.....
##.#.......#.#.###.###.#.#..#


You could see a fire crab.

Vanquished Creatures
  2 hydras
  A boulder beetle (Lair:4)
  A necromancer (Gauntlet)
  4 black mambas
  Joseph (D:8)
  2 merfolk sirens (Lair:2)
  An unseen horror (D:6)
  Maggie (D:7)
  14 cane toads
  3 komodo dragons
  A kobold demonologist (D:10)
  2 trolls (D:10)
  A merfolk (Lair:2)
  12 blink frogs
  4 dream sheep (Lair:3)
  4 wyverns
  3 fire bats (Gauntlet)
  31 yaks
  A vampire mosquito (Lair:5)
  2 basilisks
  A steam dragon (D:9)
  An acid dragon (D:6)
  15 water moccasins
  Duvessa (D:5)
  An ice beast (D:7)
  4 orc warriors
  3 sky beasts
  2 ogres (D:4)
  2 black bears (D:10)
  9 centaurs
  9 wolves
  A phantom (D:6)
  2 kobold brigands
  6 water moccasin zombies (Ossuary)
  12 bullfrogs
  3 gnoll sergeants (D:6)
  5 scorpions
  3 wights
  Dowan (D:5)
  3 killer bees (D:9)
  An electric eel (Lair:3)
  3 howler monkeys
  2 jellies
  8 hounds
  5 orc priests
  2 gnoll boudas
  Crazy Yiuf (D:7)
  4 iguanas
  9 orc wizards
  2 mummies (Ossuary)
  19 gnolls
  3 adders
  A shadow imp (D:5)
  3 adder zombies (Ossuary)
  A worm (D:2)
  4 dart slugs
  34 orcs
  6 endoplasms
  7 giant cockroaches
  3 gnoll zombies (Ossuary)
  5 goblins
  8 hobgoblins
  9 jackals
  7 quokkas
  8 ball pythons
  6 bats
  5 frilled lizards
  3 hobgoblin zombies (Ossuary)
  10 kobolds
  4 kobold zombies (Ossuary)
  8 orc zombies (Ossuary)
  5 rats
371 creatures vanquished.

Vanquished Creatures (collateral kills)
  A merfolk siren (Lair:2)
  Sigmund (D:5)
  4 orc warriors
  7 wights
  7 orcs
20 creatures vanquished.

Vanquished Creatures (others)
  4 dancing weapons
  56 fungi
  93 plants
  4 withered plants (D:4)
157 creatures vanquished.

Grand Total: 548 creatures vanquished

Notes
Turn   | Place    | Note
-------+----------+-------------------------------------------
     0 | D:1      | sweetbreads the Spriggan Enchanter began the quest for the
                  | Orb.
     0 | D:1      | Reached XP level 1. HP: 9/9 MP: 5/5
    58 | D:1      | Found Saenifom's Weapon Boutique.
   586 | D:1      | Reached XP level 2. HP: 13/13 MP: 6/6
   589 | D:1      | Learned a level 2 spell: Ensorcelled Hibernation
   660 | D:1      | Found Ryin Tudeir's Vocational Training.
   668 | D:1      | Reached skill level 3 in Dodging
  1774 | D:2      | Reached XP level 3. HP: 13/16 MP: 5/8
  2127 | D:2      | Reached skill level 5 in Stealth
  2254 | D:2      | Learned a level 3 spell: Confusing Touch
  2258 | D:2      | Learned a level 3 spell: Tukima's Dance
  2627 | D:2      | Found a faded altar of an unknown god.
  3215 | D:3      | Reached XP level 4. HP: 21/21 MP: 9/9
  4136 | D:3      | Reached XP level 5. HP: 24/24 MP: 5/10
  4476 | D:3      | Reached skill level 4 in Dodging
  4957 | D:4      | Found an ancient bone altar of Kikubaaqudgha.
  4958 | D:4      | Found a blossoming altar of Fedhas.
  5051 | D:4      | Found a radiant altar of Vehumet.
  5105 | D:4      | Noticed a black bear
  5472 | D:4      | Noticed an ogre
  5473 | D:4      | Noticed an ogre
  5494 | D:4      | Killed an ogre
  5495 | D:4      | Reached skill level 5 in Hexes
  5495 | D:4      | Reached XP level 6. HP: 28/28 MP: 2/11
  5907 | D:5      | Entered Level 5 of the Dungeon
  5946 | D:5      | Found a glowing golden altar of the Shining One.
  5946 | D:5      | Found a shadowy altar of Dithmenos.
  6126 | D:5      | Reached XP level 7. HP: 32/32 MP: 9/12
  6141 | D:5      | Noticed Duvessa
  6153 | D:5      | Noticed Sigmund
  6160 | D:5      | Found a sand-covered staircase.
  6167 | Ossuary  | Entered an ossuary
  6875 | Ossuary  | Reached skill level 10 in Stealth
  7173 | D:5      | Reached XP level 8. HP: 29/36 MP: 8/13
  7193 | D:6      | Found a hide-covered altar of Uskayaw.
  7684 | D:5      | Noticed Dowan
  7778 | D:6      | Reached skill level 1 in Fighting
  8013 | D:6      | Found a staircase to the Ecumenical Temple.
  8043 | D:5      | Reached skill level 5 in Dodging
  8486 | D:6      | Found Arresk's General Store.
  8858 | D:6      | Reached skill level 6 in Dodging
  8858 | D:6      | Reached skill level 10 in Hexes
  9007 | D:6      | Reached XP level 9. HP: 43/43 MP: 9/14
  9270 | D:6      | Identified the +1 robe of the Viny Grue {rF+++ rN+ Regen+
                  | MP-9 Str+3}
  9330 | D:6      | Noticed an unseen horror
  9401 | D:6      | Killed an unseen horror
  9484 | D:6      | Reached skill level 7 in Dodging
  9931 | D:7      | Noticed Maggie
  9940 | D:7      | Killed Maggie
 10329 | D:7      | Reached skill level 8 in Dodging
 10485 | D:7      | Found a runed translucent door.
 10486 | D:7      | Noticed Crazy Yiuf
 10493 | D:7      | Killed Crazy Yiuf
 11025 | D:8      | Reached skill level 9 in Dodging
 11025 | D:8      | Reached XP level 10. HP: 44/49 MP: 13/15
 11387 | D:8      | Noticed Joseph
 11538 | D:9      | Reached skill level 5 in Spellcasting
 11966 | D:9      | Reached skill level 5 in Short Blades
 11971 | D:9      | Reached skill level 10 in Dodging
 12500 | D:9      | Noticed an orange crystal statue
 12545 | D:9      | Found Xyepoah's Book Emporium.
 12552 | D:9      | Learned a level 3 spell: Gell's Gravitas
 12585 | D:9      | Found Xiucw's Weapon Shoppe.
 12681 | D:9      | Found a stormy altar of Qazlal.
 12793 | D:9      | Reached skill level 1 in Translocations
 13029 | D:9      | Found a staircase to the Orcish Mines.
 13387 | D:5      | Killed Dowan
 13402 | D:5      | Killed Duvessa
 13666 | D:5      | Killed Sigmund
 13667 | D:5      | Reached skill level 11 in Dodging
 13714 | Temple   | Entered the Ecumenical Temple
 13973 | D:8      | Killed Joseph
 14224 | D:10     | Entered Level 10 of the Dungeon
 14240 | D:10     | Reached XP level 11. HP: 53/53 MP: 19/21
 14257 | D:10     | Found a staircase to the Lair.
 14634 | D:10     | Found an opulent altar of Gozag.
 14634 | D:10     | Found a faded altar of an unknown god.
 14640 | D:10     | Found a basalt altar of Yredelemnul.
 14642 | D:10     | Found a shimmering blue altar of Sif Muna.
 14644 | D:10     | Found a faded altar of an unknown god.
 15319 | D:10     | Reached skill level 5 in Translocations
 15433 | Lair:1   | Entered Level 1 of the Lair of Beasts
 15503 | Lair:1   | Reached skill level 12 in Dodging
 16688 | Lair:2   | Found a staircase to the Shoals.
 16736 | Lair:2   | Reached skill level 13 in Dodging
 16743 | Lair:2   | Reached skill level 5 in Fighting
 17004 | Lair:2   | Noticed a catoblepas
 17095 | Lair:2   | Found a hole to the Spider Nest.
 17095 | Lair:2   | Noticed an orb spider
 17506 | Lair:2   | Noticed a death yak
 17511 | Lair:2   | Noticed a death yak
 17512 | Lair:2   | Noticed a death yak
 17512 | Lair:2   | Noticed a death yak
 17848 | Lair:2   | You fall into a shaft and drop 1 floor!
 18067 | Lair:3   | Noticed an eight-headed hydra
 18297 | Lair:3   | Reached XP level 12. HP: 60/60 MP: 20/22
 18309 | Lair:3   | Reached skill level 14 in Dodging
 18659 | Lair:3   | Killed an eight-headed hydra
 19266 | Lair:4   | Noticed a four-headed hydra
 19277 | Lair:4   | Killed a four-headed hydra
 19652 | Lair:4   | Reached skill level 15 in Dodging
 19754 | Lair:4   | Found a viscous altar of Jiyva.
 19754 | Lair:4   | Found a staircase to the Slime Pits.
 19801 | Lair:4   | Noticed a boulder beetle
 19808 | Lair:4   | Killed a boulder beetle
 20318 | Lair:5   | Entered Level 5 of the Lair of Beasts
 20378 | Lair:4   | Reached skill level 10 in Short Blades
 20682 | Lair:5   | Reached skill level 16 in Dodging
 20903 | Lair:5   | Reached XP level 13. HP: 53/67 MP: 18/23
 21154 | D:1      | Bought a manual of Evocations for 800 gold pieces
 21429 | D:11     | Found a gate leading to a gauntlet.
 21461 | D:11     | Reached skill level 1 in Evocations
 21513 | Gauntlet | Entered a Gauntlet
 21513 | Gauntlet | Found a transporter.
 21518 | Gauntlet | Found a transporter.
 21520 | Gauntlet | Found a transporter.
 21524 | Gauntlet | Found a runed translucent door.
 21532 | Gauntlet | Found a runed translucent door.
 21535 | Gauntlet | Found a transporter.
 21537 | Gauntlet | Found a transporter.
 21549 | Gauntlet | Found a transporter.
 21562 | Gauntlet | Found a transporter.
 21572 | Gauntlet | Found a transporter.
 21584 | Gauntlet | Found a transporter.
 21597 | Gauntlet | Found a transporter.
 21599 | Gauntlet | Found a transporter.
 21600 | Gauntlet | Found a transporter.
 21626 | Gauntlet | Found a transporter.
 21634 | Gauntlet | Found a transporter.
 22042 | Gauntlet | Engulfed by a fire crab's flame

Illustrated notes

Levels and vault maps discovered:
D:1:      amcnicky_arrival_double_pillar, layout_loops_ring, serial_shops,
          shop_fountains, chequers_serial_rivers_micro_b,
          nicolae_shop_vocational
D:2:      layout_loops_ring, hellmonk_ecumenical_altar_heavens_door,
          minmay_stone_trees_small, minmay_unequal
D:3:      layout_loops_ring
D:4:      cheibrodos_helix_gallery, layout_basic,
          grunt_temple_overflow_growth_and_decay, overflow_temple_1_default,
          minmay_cut_off
D:5:      layout_loops_ring, mainiacjoe_overflow_divided_tiny, enter_ossuary_1,
          uniq_duvessa, uniq_sigmund
D:6:      minmay_chambers_of_sixes, layout_cave_pools,
          mainiacjoe_overflow_catwalk, minmay_temple_entry_overgrown,
          serial_gnoll_camp, gnoll_camp_mini_basic, gnoll_camp_mini_hut,
          gnoll_camp_huts_basic, gnoll_camp_mini_hut, serial_shops, shop,
          kennysheep_generic_room_6
D:7:      layout_loops_ring, minmay_strange_pillars, kennysheep_generic_room_11,
          uniq_maggie, uniq_crazy_yiuf_cottage
D:8:      layout_basic, uniq_joseph
D:9:      layout_small_grid, nicolae_qazlal_scattered_showers, david_orc_4,
          serial_shops, nicolae_shop_behind_doors, nicolae_shop_hallway_plus,
          minivault_16
D:10:     layout_layer_cave, chequers_temple_overflow_minitemple,
          due_lair_maze_entry_diamond, minivault_25
D:11:     layout_basic, gauntlet_entry_generic, serial_curves, eino_curves_03,
          eino_curves_01
Temple:   hellmonk_temple_flake
Lair:1:   layout_chaotic_city
Lair:2:   layout_misc_corridors, elwin_shoals_entry_stream,
          nicolae_spider_entry_orb_guardian
Lair:3:   layout_cave_pods, amcnicky_mini_pool_medium
Lair:4:   layout_cave_pods, dpeg_slime_entry_enclosed, serial_bayou_shore_b,
          grunt_megastairs_4
Lair:5:   minmay_lair_end_frog_pond, layout_layer_cave
Gauntlet: minmay_gauntlet_77_tree [minmay_gauntlet_arena_77_mirror,
          minmay_gauntlet_arena_77_cramped,
          minmay_gauntlet_arena_77_broken_ladder,
          minmay_gauntlet_arena_77_chump_sandwich,
          minmay_gauntlet_arena_77_p_blocks,
          minmay_gauntlet_arena_77_block_sizes,
          minmay_gauntlet_arena_77_tiled_triplets, gauntlet_exit_watery]

Skill      XL: |  1  2  3  4  5  6  7  8  9 10 11 12 13 |
---------------+----------------------------------------+-----
Dodging        | 3 4 6 9 11 13 16 | 16.4
Spellcasting   | 3 6 |  6.0
Hexes          | 4 5 7 10 12 | 12.0
Stealth        | 5 6 7 8 10 | 10.0
Short Blades   | 2 3 4 7 8 10 | 10.6
Fighting       | 2 4 5 7 |  7.5
Translocations | 3 8 |  8.0
Evocations     | 2 |  2.2

Action                   |  1- 3 |  4- 6 |  7- 9 | 10-12 | 13-15 || total
-------------------------+-------+-------+-------+-------+-------++-------
Melee: Dagger            |   134 |   105 |   140 |       |       ||   379
       Punch             |     1 |     1 |     5 |       |       ||     7
       Short sword       |       |       |   144 |   307 |    51 ||   502
 Cast: Ensorcelled Hiber |    47 |    54 |    73 |   195 |    22 ||   391
       Tukima's Dance    |       |     1 |     7 |    29 |     4 ||    41
       Confusing Touch   |       |       |    13 |    17 |     2 ||    32
       Gell's Gravitas   |       |       |       |     4 |       ||     4
Evoke: Wand              |       |       |     1 |     1 |       ||     2
  Use: Scroll            |       |    11 |     7 |    10 |     1 ||    29
       Potion            |       |       |       |     3 |     1 ||     4
 Stab: Distracted        |     2 |       |     1 |       |       ||     3
       Sleeping          |    30 |    37 |    70 |   131 |    13 ||   281
       Confused          |       |       |    11 |    12 |     2 ||    25
       Invisible         |       |       |       |     1 |       ||     1
Armor: Robe              |     7 |     8 |     9 |     8 |       ||    32
       Steam dragon scal |       |       |       |    34 |     7 ||    41
Dodge: Dodged            |   110 |    83 |   175 |   321 |    51 ||   740
